 Dungeon Crawl Stone Soup version 0.28.0-45-g0d030f2227 (webtiles) character file.

Game seed: 9559416360626432381

87 Ablot the Cutter (level 4, -7/41 HPs)
             Began as a Gnoll Chaos Knight on Apr 13, 2022.
             Was a Plaything of Xom.
             Mangled by a worm (10 damage)
             ... on level 2 of the Dungeon.
             The game lasted 00:01:36 (1401 turns).

Ablot the Cutter (Gnoll Chaos Knight)               Turns: 1401, Time: 00:01:36

Health: -7/41      AC:  6    Str: 13 (14) XL:     4   Next: 51%
Magic:  5/5        EV: 12    Int: 11      God:    Xom [......]
Gold:   46         SH:  0    Dex: 10 (11) Spells: 5/5 levels left

rFire   . . .      SeeInvis .   m - +3 quarterstaff (chaos)
rCold   . . .      Faith    .   (shield currently unavailable)
rNeg    . . .      Spirit   .   b - +2 leather armour
rPois   .          Reflect  .   (no helmet)
rElec   .          Harm     .   n - +0 cloak
rCorr   .          Rampage  .   (no gloves)
Will    .....                   (no boots)
Stlth   +.........              (no amulet)
HPRegen 0.13/turn               (no ring)
MPRegen 0.09/turn               (no ring)

@: no status effects
A: fangs 1, strong nose, distributed training, deterioration 2
a: Renounce Religion


You were on level 2 of the Dungeon.
You worshipped Xom.
You were a very special plaything of Xom.
You visited 1 branch of the dungeon, and saw 2 of its levels.

You collected 46 gold pieces.

Inventory:

Hand Weapons
 a - a +0 short sword of chaos
 m - a +3 quarterstaff of chaos (weapon)
Missiles
 c - 55 stones (quivered)
 e - 75 arrows
 k - 21 sling bullets
Armour
 b - a +2 leather armour (worn)
 d - an orb of light
 n - a +0 cloak (worn)
Scrolls
 f - 3 scrolls of teleportation {unknown}
 g - a scroll of fog {unknown}
 h - a scroll of enchant weapon {unknown}
Potions
 i - a potion of resistance {unknown}
 j - a potion of brilliance {unknown}
 l - a potion of mutation {unknown}


   Skills:
 + Level 6.6 Fighting
 + Level 6.6 Short Blades
 + Level 1.1 Long Blades
 + Level 1.1 Axes
 + Level 1.1 Maces & Flails
 + Level 1.1 Polearms
 + Level 1.1 Staves
 + Level 1.1 Slings
 + Level 1.1 Bows
 + Level 1.1 Crossbows
 + Level 1.1 Throwing
 + Level 4.6 Armour
 + Level 2.7 Dodging
 + Level 1.1 Stealth
 + Level 1.1 Shields
 + Level 1.1 Unarmed Combat
 + Level 1.1 Spellcasting
 + Level 0.9 Conjurations
 + Level 0.9 Hexes
 + Level 0.9 Summonings
 + Level 0.9 Necromancy
 + Level 0.9 Translocations
 + Level 0.9 Transmutations
 + Level 0.9 Fire Magic
 + Level 0.9 Ice Magic
 + Level 0.9 Air Magic
 + Level 0.9 Earth Magic
 + Level 0.9 Poison Magic
 + Level 1.2 Invocations
 + Level 1.1 Evocations


You had 5 spell levels left.
You didn't know any spells.
Your spell library was empty.

Dungeon Overview and Level Annotations

Branches:
Dungeon (2/15)

Altars:
Dithmenos


Innate Abilities, Weirdness & Mutations

You have very sharp teeth.
Your uncanny sense of smell can sniff out nearby items.
Your experience applies equally to all skills.
Your body often deteriorates upon taking damage.


Message History

You sock the giant cockroach!
You kill the giant cockroach!
You hit the worm. You freeze the worm.
The worm is lightly wounded.
The worm closely misses you.
You barely miss the worm.
The worm is lightly wounded.
The worm closely misses you.
You thump the worm!
The worm is heavily wounded.
The worm barely misses you.
You hit the worm but do no damage.
The worm goes berserk!
You bite the worm, but do no damage.
The worm is moderately wounded.
The worm bites you!
Your body deteriorates!
You feel clumsy.
You sock the worm! You burn the worm.
The worm is severely wounded.
The worm barely misses you.
You hit the worm. Your bite misses the worm.
The worm is severely wounded.
The worm bites you.
You barely miss the worm. You bite the worm, but do no damage.
The worm is severely wounded.
The worm bites you.
Your body deteriorates!
You feel weakened.
You sock the worm! You freeze the worm.
The worm is almost dead.
The worm bites you.
You are too injured to fight recklessly!
You are too injured to fight recklessly!
You are too injured to fight recklessly!
You barely miss the worm.
The worm is almost dead.
The worm bites you!
* * * LOW HITPOINT WARNING * * *
You barely miss the worm.
The worm is almost dead.
The worm bites you!
You die...

.. #.# .. #.## ..# #.#
###########.############
......w@................
############.#########.#
######.#.........#
#####................#
#......###...........#
#......# ##..........#
#......# #..........#
#......# ##.........#
#.....## #..........#


You could see a worm (berserk).

Vanquished Creatures
  Crazy Yiuf (D:2)
  An adder (D:2)
  5 worms (D:2)
  7 endoplasms
  4 giant cockroaches
  2 hobgoblins (D:1)
  A ball python (D:2)
  3 bats
  4 goblins
  4 kobolds
  5 rats
37 creatures vanquished.

Notes
Turn   | Place    | Note
-------+----------+-------------------------------------------
     0 | D:1      | Ablot the Gnoll Chaos Knight began the quest for the Orb.
     0 | D:1      | Reached XP level 1. HP: 23/23 MP: 1/1
   148 | D:1      | XOM: silly message
   180 | D:1      | Reached XP level 2. HP: 28/29 MP: 2/2
   324 | D:1      | Found a faded altar of an unknown god.
   340 | D:1      | XOM: smoke on damage
   680 | D:1      | Found a shadowy altar of Dithmenos.
   762 | D:2      | XOM: give mutations
   762 | D:2      | Gained mutation: Your body sometimes deteriorates upon
                  | taking damage. [Xom's mischief]
   762 | D:2      | Gained mutation: Your body often deteriorates upon taking
                  | damage. [Xom's mischief]
   772 | D:2      | Reached XP level 3. HP: 35/35 MP: 3/3
  1010 | D:2      | Reached skill level 1 in Invocations
  1024 | D:2      | XOM: summons 2 hostile shadow creatures
  1177 | D:2      | Reached skill level 1 in Long Blades
  1177 | D:2      | Reached skill level 1 in Axes
  1177 | D:2      | Reached skill level 1 in Maces & Flails
  1177 | D:2      | Reached skill level 1 in Polearms
  1177 | D:2      | Reached skill level 1 in Staves
  1177 | D:2      | Reached skill level 1 in Slings
  1177 | D:2      | Reached skill level 1 in Bows
  1177 | D:2      | Reached skill level 1 in Crossbows
  1177 | D:2      | Reached skill level 1 in Throwing
  1177 | D:2      | Reached skill level 1 in Stealth
  1177 | D:2      | Reached skill level 1 in Shields
  1177 | D:2      | Reached skill level 1 in Unarmed Combat
  1177 | D:2      | Reached skill level 1 in Spellcasting
  1177 | D:2      | Reached skill level 1 in Evocations
  1257 | D:2      | Found a runed translucent door.
  1258 | D:2      | Noticed Crazy Yiuf
  1263 | D:2      | Killed Crazy Yiuf
  1264 | D:2      | Reached XP level 4. HP: 41/41 MP: 5/5
  1400 | D:2      | HP: 2/41 [worm (15)]
  1401 | D:2      | Mangled by a worm

Illustrated notes

Levels and vault maps discovered:
D:1:      dpeg_arrival_water_altar, layout_rooms,
          hellmonk_ecumenical_altar_leap_of_faith, serial_bayou_ford_a,
          minmay_tetromino_t4
D:2:      layout_basic, uniq_crazy_yiuf_cottage

Skill      XL: |  1  2  3 |
---------------+----------+-----
Invocations    | 1 |  1.2
Long Blades    | 1 |  1.1
Axes           | 1 |  1.1
Maces & Flails | 1 |  1.1
Polearms       | 1 |  1.1
Staves         | 1 |  1.1
Slings         | 1 |  1.1
Bows           | 1 |  1.1
Crossbows      | 1 |  1.1
Throwing       | 1 |  1.1
Stealth        | 1 |  1.1
Shields        | 1 |  1.1
Unarmed Combat | 1 |  1.1
Spellcasting   | 1 |  1.1
Evocations     | 1 |  1.1
Fighting       | |  6.6
Short Blades   | |  6.6
Armour         | |  4.6
Dodging        | |  2.7
Conjurations   | |  0.9
Hexes          | |  0.9
Summonings     | |  0.9
Necromancy     | |  0.9
Translocations | |  0.9
Transmutations | |  0.9
Fire Magic     | |  0.9
Ice Magic      | |  0.9
Air Magic      | |  0.9
Earth Magic    | |  0.9
Poison Magic   | |  0.9

Action                   |  1- 3 |  4- 6 || total
-------------------------+-------+-------++-------
Melee: Short sword       |   106 |       ||   106
       Bite              |    12 |     4 ||    16
       Quarterstaff      |       |    19 ||    19
Armor: Leather armour    |    34 |     3 ||    37
Dodge: Dodged            |    42 |     7 ||    49
